cohdb
Replays
Latest Replays
All Replays
Popular Replays
Top Player Replays
Match Explorer
How It Works
Community
CoH3 Stats
Reddit
Sign in to upload your games and track your stats! →
Sign in with Steam
Match 43292477
Unlisted
Match 43292477
Overview
Messages
Build Orders
End
Vickers Machine Gun Team
Construct Section Command Post
Dingo Light Scout Car
Infantry Section
Infantry Section
Grenade Package
Construct Platoon Command Post
6-pounder Anti-tank Gun Team
Unlock Bishop Self-propelled Artillery
Bishop Self-propelled Artillery
Selects Air and Sea Battlegroup
Selects Supply Surplus
Construct Field Infirmary
Infantry Section
Infantry Training
Bishop Self-propelled Artillery
Forward Retreat Point
Construct Resource Cache
6-pounder Anti-tank Gun Team
Construct Company Command Post
Light Vehicle Training
Construct Resource Cache
Bartolomaeus Bart
[PD]Lurgi
[PD] Ducktus
=-._.-=MR.Paul=-._.-=
Twin
Flaregun
simranjitsingh713
RustysReturn
0
0
Comments
sign in to comment!
No comments posted yet!